 Dungeon Sprint DCSS version 0.21-a0-265-gb353147 (webtiles) character file.

138 minicreteconcrete the Skirmisher (level 7, -7/61 HPs)
             Began as a Demonspawn Fighter on Sept 12, 2017.
             Was a Follower of Ru.
             Mangled by an earth elemental (31 damage)
             ... in the Dungeon (Sprint VI: "Thunderdome").
             The game lasted 00:04:54 (492 turns).

minicreteconcrete the Skirmisher (DsFi)              Turns: 492, Time: 00:04:54

Health: -7/61      AC:  8    Str: 17    XL:     7   Next: 4%
Magic:  9/9        EV:  8    Int:  9    God:    Ru [*.....]
Gold:   211        SH: 10    Dex: 14    Spells: 6/6 levels left

rFire    . . .     SeeInvis .   a - +0 war axe
rCold    . . .     Gourm    .   c - +0 shield
rNeg     . . .     Faith    .   b - +0 scale mail
rPois    .         Spirit   .   (no helmet)
rElec    .         Reflect  .   (no cloak)
rCorr    .         Harm     .   (no gloves)
MR       .....     NoTele   +   (no boots)
Stlth    ..........             (no amulet)
HPRegen  0.20/turn              (no ring)
MPRegen  0.11/turn              (no ring)

@: no status effects
A: talons 2, slimy green scales 1, inability to train armour
a: Renounce Religion


You were in the Dungeon.
You worshipped Ru.
Ru was aware of your devotion.
You were not hungry.

You visited 1 branch You collected 400 gold pieces.
You spent 189 gold pieces at shops.

Inventory:

Hand Weapons
 a - a +0 war axe (weapon)
Armour
 b - a +0 scale mail (worn)
 c - a +0 shield (worn)
Wands
 l - a wand of acid (2/15)
 m - a wand of iceblast (1/15)
Scrolls
 k - 4 scrolls of blinking
 o - 3 scrolls of fog
Potions
 d - a potion of might
 e - 4 potions of curing
 g - 7 potions of heal wounds
 h - 4 potions of haste
 i - 2 potions of magic
 j - a potion of berserk rage
 n - a potion of resistance
Comestibles
 f - a bread ration


   Skills:
 + Level 7.7 Fighting
 + Level 6.6 Axes
 + Level 2.0 Dodging
 + Level 6.9 Shields
 + Level 3.0 Evocations


You had 6 spell levels left.
You didn't know any spells.

Dungeon Overview and Level Annotations

Branches:
Dungeon (1/1)

Altars:
Cheibriados
Dithmenos
Fedhas
Gozag
Kikubaaqudgha
Makhleb
Okawaru
Qazlal
Ru
Sif Muna
Trog
Uskayaw
Vehumet
Wu Jian
Xom
Yredelemnul
Zin
The Shining One
Beogh
Jiyva
Lugonu

Shops:
D *[%??*?*:[((!!!!


Innate Abilities, Weirdness & Mutations

You have razor-sharp toenails.
You are partially covered in slimy green scales. (AC +2)
You cannot train Armour skill.


Message History

The earth elemental hits you!!
You hit the earth elemental.
You claw the earth elemental, but do no damage.
The earth elemental is heavily damaged.
You block the earth elemental's attack.
You hit the earth elemental but do no damage.
You claw the earth elemental, but do no damage.
The earth elemental is heavily damaged.
You block the earth elemental's attack.
You hit the earth elemental.
The earth elemental is heavily damaged.
You slash the earth elemental!
The earth elemental is severely damaged.
You block the earth elemental's attack.
You hit the earth elemental but do no damage.
Your kick misses the earth elemental.
The earth elemental is severely damaged.
The earth elemental hits you!!
Ouch! That really hurt!
You die...

######.8.........8.#####
##∩.__......###......__.∩
###∩........8.# #.8........
##.............###..........
#⌠..........###...###.......
#⌠..........# #.<.# #.......
#⌠..........###...###.......
##.............###..........
###∩......@.8.# #.8........
##∩___...E..###......__.∩
######.8.........8.#####
#⌠...........⌠#
###.........### #_......._#
#_......._# #_......._#
#∩.......∩#


You could see an earth elemental.

Vanquished Creatures
  A water moccasin (D)
  3 floating eyes (D)
  2 jellies (D)
  A hell rat (D)
  2 adders (D)
  An ooze (D)
  4 quokkas (D)
  2 ball pythons (D)
  A rat (D)
17 creatures vanquished.

Notes
Turn   | Place    | Note
-------+----------+-------------------------------------------
     0 | D        | minicreteconcrete the Demonspawn Fighter began the quest for the Orb.
     0 | D        | Reached XP level 1. HP: 18/18 MP: 1/1
     2 | D        | Found an opulent altar of Gozag.
     2 | D        | Found a sacrificial altar of Ru.
     3 | D        | Found a basalt altar of Yredelemnul.
     3 | D        | Found a stormy altar of Qazlal.
     4 | D        | Found an iron altar of Okawaru.
     5 | D        | Found Viesilli's Identification Station.
     5 | D        | Found a deep blue altar of Sif Muna.
     5 | D        | Found a glowing golden altar of the Shining One.
     5 | D        | Found Yquts's Bee Food.
     5 | D        | Round 1.
     6 | D        | Found Xaskowk's Advanced Armour.
     6 | D        | Found Berhoc's Jewellery.
     8 | D        | Noticed a water moccasin
    14 | D        | Killed a water moccasin
    14 | D        | Reached skill level 5 in Fighting
    14 | D        | Reached skill level 5 in Armour
    14 | D        | Reached skill level 5 in Shields
    14 | D        | Reached skill level 1 in Evocations
    14 | D        | Gained mutation: You have sharp toenails. [demonic ancestry]
    14 | D        | Reached XP level 2. HP: 16/28 MP: 1/3
    14 | D        | Gained mutation: You have razor-sharp toenails. [demonic ancestry]
    14 | D        | Reached XP level 3. HP: 20/34 MP: 1/4
    14 | D        | Reached XP level 4. HP: 24/40 MP: 1/5
    16 | D        | Found a shadowy altar of Dithmenos.
    19 | D        | Found a hide-covered altar of Uskayaw.
    20 | D        | Found a corrupted altar of Lugonu.
    20 | D        | Found Goeq's Magic Scroll Shop.
    21 | D        | Found Nedubufo's Magic Scroll Shop.
    21 | D        | Found Qatzischi's Must-Have Magic.
    22 | D        | Found a viscous altar of Jiyva.
    22 | D        | Found a roughly hewn altar of Beogh.
    22 | D        | Found a blossoming altar of Fedhas.
    22 | D        | Found Yxitieq's Staff Store.
    30 | D        | Found an ancient bone altar of Kikubaaqudgha.
    31 | D        | Found a radiant altar of Vehumet.
    33 | D        | Found Amuahib's Distillery.
    34 | D        | Found Kixti's Distillery.
    34 | D        | Found Luleagab's Bottled Wisdom.
    34 | D        | Found a bloodstained altar of Trog.
    34 | D        | Found a burning altar of Makhleb.
    34 | D        | Found Obielafa's Do-It-Yourself Clinic.
    38 | D        | Found a shimmering altar of Xom.
    43 | D        | Found a glowing silver altar of Zin.
    44 | D        | Found a snail-covered altar of Cheibriados.
    45 | D        | Found Yqiug's Weapon Rack.
    46 | D        | Found an ornate altar of the Wu Jian Council.
    46 | D        | Found Atadyne's Premium Goods.
    46 | D        | Found Hualezo's Basic Armour.
    46 | D        | Found Qemidd's Miscellaneous Merchandise.
    54 | D        | Became a worshipper of Ru the Awakened
    64 | D        | Reached skill level 6 in Fighting
    82 | D        | Arena points: 12 (+12) [x2]
   118 | D        | Bought 4 potions of curing for 84 gold pieces
   118 | D        | Bought 3 potions of heal wounds for 105 gold pieces
   155 | D        | Round 2.
   195 | D        | Reached XP level 5. HP: 45/46 MP: 6/6
   280 | D        | Arena points: 54 (+42) [x3]
   320 | D        | Round 3.
   359 | D        | Noticed a floating eye
   362 | D        | Paralysed by a floating eye for 2 turns
   365 | D        | Killed a floating eye
   365 | D        | Reached skill level 7 in Fighting
   365 | D        | Reached skill level 5 in Axes
   365 | D        | Reached skill level 1 in Dodging
   365 | D        | Gained mutation: You are partially covered in slimy green scales. (AC +2) [demonic ancestry]
   365 | D        | Reached XP level 6. HP: 37/55 MP: 7/7
   373 | D        | Noticed a floating eye
   376 | D        | Paralysed by a floating eye for 2 turns
   378 | D        | Killed a floating eye
   388 | D        | Noticed a floating eye
   390 | D        | Paralysed by a floating eye for 4 turns
   395 | D        | Killed a floating eye
   395 | D        | Reached XP level 7. HP: 45/61 MP: 9/9
   399 | D        | Arena points: 138 (+84) [x4]
   402 | D        | Gained mutation: You cannot train Armour skill. [Ru sacrifice]
   402 | D        | Reached * piety under Ru
   459 | D        | Round 4.
   492 | D        | Mangled by an earth elemental

Vault maps used:
D:        arena_sprint

Skill      XL: |  1  2  3  4  5  6  7 |
---------------+----------------------+-----
Fighting       | 5 6 7 |  7.7
Axes           | 2 3 5 6 |  6.6
Armour         | 5 6 7 0 |  0.0
Shields        | 5 6 |  6.9
Evocations     | 1 2 3 |  3.0
Dodging        | 1 2 |  2.0

Action                   |  1- 3 |  4- 6 |  7- 9 || total
-------------------------+-------+-------+-------++-------
Melee: War axe           |       |    39 |    20 ||    59
       Kick              |       |    11 |     5 ||    16
Invok: Sacrifice Durabil |       |       |     1 ||     1
Evoke: Wand              |     4 |     3 |       ||     7
  Use: Potion            |       |     1 |       ||     1
Armor: Scale mail        |       |    11 |     2 ||    13
Dodge: Dodged            |     1 |    10 |     5 ||    16
Block: Shield            |       |    16 |     6 ||    22

Table legend:
 A = Spawn XP
 B = Non-spawn XP
 C = Spawn XP percentage of total XP
 D = Spawn monster count
 E = Non-spawn monster count
 F = Spawn count percentage of total count
 G = Total turns spent on level
                    A         B        C        D         E        F      G
               +---------+---------+-------+---------+---------+-------+---------
         Total |       0 |     762 |   0.0 |       0 |      17 |   0.0 |   492
               +---------+---------+-------+---------+---------+-------+---------
             D |       0 |     762 |   0.0 |       0 |      17 |   0.0 |   492
               +---------+---------+-------+---------+---------+-------+---------
